[ AOE2 MATCH · #506557438 ]
UnrankedGoths vs Wu
Player's team · WIN
Rival team · LOSS
[ REPLAY ANALYSIS · EXTRACTED FROM THE RECORDED GAME ]
Feudal
13:20
Castle
20:06
Imperial
42:23
| APM avg | 75.4 |
| APM peak | 114 |
| eAPM avg | 46.5 |
| Villagers / military | 171 / 133 |
Focus
⚔️ 58.7% · 🌾 41.3%
Militia ×59 · Skirmisher ×42 · Huskarl ×10 · Mangonel ×10 · Trebuchet (Packed) ×5 · Monk ×3
Feudal
13:04
Castle
16:44
Imperial
—
| APM avg | 58.5 |
| APM peak | 86 |
| eAPM avg | 24.1 |
| Villagers / military | 147 / 74 |
Focus
⚔️ 33.2% · 🌾 66.8%
Archer ×44 · Unknown (1968) ×14 · Monk ×13 · Mangonel ×12 · Fishing Ship ×7 · Unknown (1974) ×7
Match map
Initial resources + every placement click. Lines = walls · curves = elevation contours. ◆ gold · ⬟ stone · ● berries · ✦ relic · ◌ wall gap
Your base· Open — 1t gap
ilovebaskets's base· Open — 6t gap
Smoothed initial terrain · ◌ = detected wall gap · hover for details
Inputs per minute
— DS_VarVa - - ilovebaskets
Build order — DS_VarVa
First 150 of 490 actions detected
| 0:01 | Create | Villager (Male) |
| 0:01 | Create | Villager (Male) |
| 0:02 | Create | Villager (Male) |
| 0:03 | Build | House |
| 0:04 | Build | House |
| 0:06 | Create | Villager (Male) |
| 1:16 | Create | Villager (Male) |
| 1:16 | Create | Villager (Male) |
| 1:45 | Create | Villager (Male) |
| 1:45 | Create | Villager (Male) |
| 2:11 | Create | Villager (Male) |
| 2:39 | Create | Villager (Male) |
| 2:39 | Create | Villager (Male) |
| 2:59 | Build | Barracks |
| 3:02 | Create | Villager (Male) |
| 3:23 | Build | House |
| 3:33 | Create | Villager (Male) |
| 3:40 | Create | Villager (Male) |
| 4:00 | Create | Militia |
| 4:14 | Build | House |
| 4:22 | Create | Militia |
| 4:36 | Create | Villager (Male) |
| 4:50 | Create | Militia |
| 5:01 | Create | Villager (Male) |
| 5:23 | Create | Villager (Male) |
| 5:23 | Create | Militia |
| 5:36 | Build | Lumber Camp |
| 5:46 | Create | Villager (Male) |
| 5:58 | Create | Villager (Male) |
| 6:13 | Create | Militia |
| 6:22 | Build | House |
| 6:39 | Create | Villager (Male) |
| 6:57 | Create | Villager (Male) |
| 7:16 | Build | Mill |
| 7:28 | Research | Loom |
| 7:41 | Create | Villager (Male) |
| 7:42 | Create | Villager (Male) |
| 7:59 | Create | Villager (Male) |
| 8:15 | Build | Mining Camp |
| 8:20 | Create | Villager (Male) |
| 8:39 | Build | Farm |
| 8:50 | Create | Villager (Male) |
| 8:52 | Build | House |
| 9:04 | Create | Villager (Male) |
| 9:26 | Create | Villager (Male) |
| 9:29 | Build | House |
| 9:40 | Create | Villager (Male) |
| 9:45 | Build | Dock |
| 10:06 | Create | Villager (Male) |
| 10:16 | Create | Villager (Male) |
| 10:33 | Create | Villager (Male) |
| 10:34 | Create | Fishing Ship |
| 10:57 | Build | Palisade Wall |
| 11:10 | Research | Feudal Age |
| 11:21 | Build | Dock |
| 11:27 | Create | Militia |
| 11:34 | Create | Fishing Ship |
| 11:49 | Build | House |
| 11:51 | Build | Palisade Wall |
| 12:22 | Create | Militia |
| 12:23 | Create | Militia |
| 12:32 | Create | Villager (Male) |
| 12:34 | Create | Villager (Male) |
| 12:46 | Create | Militia |
| 12:51 | Create | Villager (Male) |
| 12:53 | Build | House |
| 13:04 | Create | Villager (Male) |
| 13:05 | Create | Villager (Male) |
| 13:14 | Build | Palisade Wall |
| 13:20 | Create | Villager (Male) |
| 13:20 | Age | Feudal Age |
| 13:22 | Create | Fire Galley |
| 13:22 | Create | Fire Galley |
| 13:23 | Research | Man-at-Arms (upgrade) |
| 13:23 | Research | Man-at-Arms (upgrade) |
| 13:24 | Research | Double-Bit Axe |
| 13:24 | Research | Double-Bit Axe |
| 13:25 | Create | Villager (Male) |
| 13:26 | Create | Villager (Male) |
| 13:27 | Build | Farm |
| 13:29 | Build | Farm |
| 13:34 | Build | Farm |
| 13:50 | Create | Villager (Male) |
| 13:52 | Create | Villager (Male) |
| 13:55 | Create | Militia |
| 13:57 | Create | Fire Galley |
| 14:01 | Build | House |
| 14:12 | Create | Villager (Male) |
| 14:12 | Create | Villager (Male) |
| 14:23 | Create | Villager (Male) |
| 14:40 | Create | Villager (Male) |
| 14:41 | Build | House |
| 14:53 | Build | Market |
| 15:43 | Create | Villager (Male) |
| 15:48 | Build | Archery Range |
| 16:03 | Create | Villager (Male) |
| 16:49 | Build | Farm |
| 16:50 | Build | Farm |
| 17:26 | Research | Castle Age |
| 17:26 | Research | Castle Age |
| 17:28 | Create | Skirmisher |
| 17:28 | Create | Skirmisher |
| 17:29 | Create | Villager (Male) |
| 17:30 | Build | Archery Range |
| 17:44 | Create | Villager (Male) |
| 17:51 | Build | Blacksmith |
| 18:13 | Create | Skirmisher |
| 18:13 | Create | Skirmisher |
| 18:16 | Research | Horse Collar |
| 18:16 | Research | Horse Collar |
| 18:21 | Create | Villager (Male) |
| 18:21 | Create | Villager (Male) |
| 18:21 | Create | Villager (Male) |
| 18:35 | Build | Mining Camp |
| 18:36 | Create | Skirmisher |
| 18:36 | Create | Skirmisher |
| 18:36 | Create | Skirmisher |
| 18:39 | Build | Watch Tower |
| 18:43 | Build | House |
| 18:44 | Build | House |
| 18:49 | Research | Padded Archer Armor |
| 18:49 | Research | Padded Archer Armor |
| 18:49 | Research | Fletching |
| 18:50 | Research | Fletching |
| 18:54 | Create | Skirmisher |
| 19:00 | Create | Villager (Male) |
| 19:01 | Create | Villager (Male) |
| 19:18 | Build | Palisade Wall |
| 19:30 | Build | Farm |
| 19:31 | Create | Villager (Male) |
| 20:00 | Build | House |
| 20:02 | Build | Palisade Wall |
| 20:03 | Build | Palisade Wall |
| 20:04 | Create | Villager (Male) |
| 20:06 | Age | Castle Age |
| 20:09 | Research | Elite Skirmisher (upgrade) |
| 20:14 | Research | Bodkin Arrow |
| 20:17 | Create | Villager (Male) |
| 20:23 | Create | Villager (Male) |
| 20:34 | Create | Skirmisher |
| 20:34 | Create | Skirmisher |
| 21:04 | Create | Villager (Male) |
| 21:04 | Create | Villager (Male) |
| 21:07 | Build | Siege Workshop |
| 21:27 | Create | Villager (Male) |
| 21:27 | Create | Villager (Male) |
| 21:27 | Create | Villager (Male) |
| 21:52 | Create | Villager (Male) |
| 22:09 | Create | Villager (Male) |
| 22:13 | Create | Mangonel |
Build order — ilovebaskets
First 150 of 439 actions detected
| 0:01 | Create | Villager (Male) |
| 0:01 | Create | Villager (Male) |
| 0:02 | Build | House |
| 0:03 | Build | House |
| 0:07 | Create | Villager (Male) |
| 0:12 | Create | Villager (Male) |
| 1:20 | Build | Lumber Camp |
| 1:23 | Create | Villager (Male) |
| 1:59 | Create | Villager (Male) |
| 1:59 | Create | Villager (Male) |
| 2:20 | Create | Villager (Male) |
| 2:51 | Create | Villager (Male) |
| 3:18 | Create | Villager (Male) |
| 3:18 | Create | Villager (Male) |
| 3:38 | Build | House |
| 3:45 | Build | House |
| 3:49 | Create | Villager (Male) |
| 4:09 | Build | Dock |
| 4:13 | Create | Villager (Male) |
| 4:35 | Create | Villager (Male) |
| 4:48 | Create | Fishing Ship |
| 4:53 | Create | Villager (Male) |
| 5:10 | Build | House |
| 5:28 | Create | Villager (Male) |
| 5:29 | Create | Fishing Ship |
| 5:31 | Research | Loom |
| 5:39 | Build | House |
| 5:43 | Create | Villager (Male) |
| 5:50 | Build | Palisade Wall |
| 5:50 | Build | Palisade Wall |
| 6:00 | Build | Palisade Wall |
| 6:14 | Create | Villager (Male) |
| 6:29 | Create | Villager (Male) |
| 6:36 | Build | Palisade Wall |
| 6:37 | Build | Palisade Wall |
| 6:43 | Build | Palisade Wall |
| 6:44 | Build | Palisade Wall |
| 6:49 | Create | Villager (Male) |
| 7:02 | Create | Fishing Ship |
| 7:05 | Create | Villager (Male) |
| 7:37 | Build | Palisade Wall |
| 7:44 | Build | House |
| 7:45 | Build | Palisade Wall |
| 7:53 | Build | Palisade Wall |
| 7:57 | Build | Palisade Wall |
| 8:00 | Create | Villager (Male) |
| 8:02 | Build | Palisade Wall |
| 8:22 | Create | Fishing Ship |
| 8:31 | Create | Villager (Male) |
| 8:38 | Create | Fishing Ship |
| 8:46 | Build | House |
| 8:48 | Create | Villager (Male) |
| 9:09 | Build | Palisade Wall |
| 9:10 | Build | Palisade Wall |
| 9:14 | Build | Palisade Wall |
| 9:20 | Build | Palisade Wall |
| 9:32 | Create | Villager (Male) |
| 9:39 | Build | Mining Camp |
| 9:49 | Create | Villager (Male) |
| 9:56 | Create | Fishing Ship |
| 10:21 | Build | Mill |
| 10:25 | Build | Palisade Wall |
| 10:29 | Create | Villager (Male) |
| 10:35 | Research | Feudal Age |
| 10:35 | Research | Feudal Age |
| 11:10 | Create | Fishing Ship |
| 11:56 | Create | Villager (Male) |
| 12:02 | Build | Barracks |
| 13:04 | Age | Feudal Age |
| 13:06 | Build | Archery Range |
| 13:08 | Build | Blacksmith |
| 13:26 | Build | Stone Wall |
| 13:29 | Build | Stone Wall |
| 13:35 | Create | Villager (Male) |
| 13:37 | Research | Double-Bit Axe |
| 13:37 | Research | Double-Bit Axe |
| 13:52 | Build | Stone Wall |
| 14:02 | Build | Stone Wall |
| 14:03 | Build | Stone Wall |
| 14:04 | Research | Castle Age |
| 14:26 | Build | Stone Wall |
| 14:30 | Create | Villager (Male) |
| 14:34 | Build | Dock |
| 14:39 | Create | Archer |
| 14:41 | Build | House |
| 14:43 | Create | Villager (Male) |
| 14:52 | Research | Gold Mining |
| 15:17 | Create | Trade Cog |
| 15:26 | Create | Villager (Male) |
| 15:31 | Build | Archery Range |
| 15:33 | Create | Archer |
| 15:39 | Create | Unit 2626 |
| 15:51 | Build | House |
| 16:04 | Build | House |
| 16:07 | Build | House |
| 16:11 | Create | Archer |
| 16:24 | Create | Unit 2626 |
| 16:25 | Create | Villager (Male) |
| 16:31 | Create | Archer |
| 16:43 | Create | Villager (Male) |
| 16:44 | Age | Castle Age |
| 16:45 | Create | Archer |
| 16:58 | Build | House |
| 17:05 | Build | House |
| 17:07 | Build | House |
| 17:08 | Build | House |
| 17:09 | Build | House |
| 17:10 | Build | House |
| 17:15 | Build | House |
| 17:16 | Build | House |
| 17:24 | Research | Fletching |
| 17:24 | Research | Fletching |
| 17:29 | Research | Crossbowman (upgrade) |
| 17:29 | Research | Crossbowman (upgrade) |
| 18:09 | Create | Archer |
| 18:10 | Create | Archer |
| 18:30 | Create | Villager (Male) |
| 18:35 | Create | Archer |
| 18:35 | Create | Archer |
| 18:37 | Research | Horse Collar |
| 18:37 | Research | Horse Collar |
| 18:39 | Build | Farm |
| 18:45 | Build | Farm |
| 18:54 | Create | Villager (Male) |
| 19:01 | Create | Villager (Male) |
| 19:14 | Create | Archer |
| 19:14 | Create | Archer |
| 19:20 | Build | Farm |
| 19:43 | Create | Villager (Male) |
| 19:53 | Build | Siege Workshop |
| 20:11 | Create | Villager (Male) |
| 20:17 | Research | Bow Saw |
| 20:38 | Create | Mangonel |
| 20:42 | Create | Villager (Male) |
| 20:43 | Create | Archer |
| 20:54 | Create | Villager (Male) |
| 21:06 | Create | Archer |
| 21:07 | Create | Archer |
| 21:16 | Create | Villager (Male) |
| 21:34 | Create | Mangonel |
| 21:44 | Create | Villager (Male) |
| 22:11 | Create | Villager (Male) |
| 22:12 | Create | Villager (Male) |
| 22:27 | Build | Farm |
| 22:28 | Build | Farm |
| 22:29 | Build | Farm |
| 22:35 | Build | Gate |
| 22:35 | Build | Stone Wall |
| 22:41 | Create | Villager (Male) |
| 22:43 | Create | Mangonel |
Match timeline
| 2:59 | DS_VarVa · first_building Barracks |
| 4:09 | ilovebaskets · first_building Dock |
| 5:50 | ilovebaskets · wall_segment Palisade Wall x1 |
| 5:50 | ilovebaskets · wall_segment Palisade Wall x1 |
| 6:00 | ilovebaskets · wall_segment Palisade Wall x1 |
| 6:36 | ilovebaskets · wall_segment Palisade Wall x1 |
| 6:37 | ilovebaskets · wall_segment Palisade Wall x1 |
| 6:43 | ilovebaskets · wall_segment Palisade Wall x1 |
| 6:44 | ilovebaskets · wall_segment Palisade Wall x1 |
| 7:37 | ilovebaskets · wall_segment Palisade Wall x1 |
| 7:45 | ilovebaskets · wall_segment Palisade Wall x1 |
| 7:53 | ilovebaskets · wall_segment Palisade Wall x1 |
| 7:57 | ilovebaskets · wall_segment Palisade Wall x1 |
| 8:02 | ilovebaskets · wall_segment Palisade Wall x1 |
| 9:09 | ilovebaskets · wall_segment Palisade Wall x1 |
| 9:10 | ilovebaskets · wall_segment Palisade Wall x1 |
| 9:14 | ilovebaskets · wall_segment Palisade Wall x1 |
| 9:20 | ilovebaskets · wall_segment Palisade Wall x1 |
| 9:45 | DS_VarVa · first_building Dock |
| 10:25 | ilovebaskets · wall_segment Palisade Wall x1 |
| 10:57 | DS_VarVa · wall_segment Palisade Wall x8 |
| 11:51 | DS_VarVa · wall_segment Palisade Wall x10 |
| 12:02 | ilovebaskets · first_building Barracks |
| 13:04 | ilovebaskets · age_up feudal |
| 13:06 | ilovebaskets · first_building Archery Range |
| 13:14 | DS_VarVa · wall_segment Palisade Wall x9 |
| 13:20 | DS_VarVa · age_up feudal |
| 13:26 | ilovebaskets · wall_segment Stone Wall x1 |
| 13:29 | ilovebaskets · wall_segment Stone Wall x1 |
| 13:52 | ilovebaskets · wall_segment Stone Wall x1 |
| 14:02 | ilovebaskets · wall_segment Stone Wall x1 |
| 14:03 | ilovebaskets · wall_segment Stone Wall x1 |
| 14:26 | ilovebaskets · wall_segment Stone Wall x1 |
| 15:48 | DS_VarVa · first_building Archery Range |
| 16:44 | ilovebaskets · age_up castle |
| 19:18 | DS_VarVa · wall_segment Palisade Wall x1 |
| 19:44 | DS_VarVa · first_market_buy 100 food |
| 19:53 | ilovebaskets · first_building Siege Workshop |
| 20:02 | DS_VarVa · wall_segment Palisade Wall x1 |
| 20:03 | DS_VarVa · wall_segment Palisade Wall x1 |
| 20:06 | DS_VarVa · age_up castle |
| 21:07 | DS_VarVa · first_building Siege Workshop |
| 22:35 | ilovebaskets · wall_segment Stone Wall x2 |
| 22:57 | ilovebaskets · wall_segment Stone Wall x7 |
| 23:07 | ilovebaskets · first_building Monastery |
| 24:22 | DS_VarVa · first_building Castle |
| 28:48 | ilovebaskets · first_market_sell 100 wood |
| 29:10 | DS_VarVa · first_building Monastery |
| 30:23 | ilovebaskets · wall_segment Palisade Wall x1 |
| 31:41 | ilovebaskets · first_market_buy 100 stone |
| 34:15 | DS_VarVa · wall_segment Palisade Wall x1 |
| 34:17 | DS_VarVa · wall_segment Palisade Wall x1 |
| 34:18 | DS_VarVa · wall_segment Palisade Wall x1 |
| 34:41 | DS_VarVa · wall_segment Palisade Wall x1 |
| 38:53 | ilovebaskets · first_building Castle |
| 39:12 | DS_VarVa · first_market_sell 100 food |
| 39:45 | ilovebaskets · wall_segment Stone Wall x5 |
| 40:56 | ilovebaskets · wall_segment Stone Wall x6 |
| 41:10 | ilovebaskets · wall_segment Stone Wall x6 |
| 41:32 | ilovebaskets · wall_segment Stone Wall x1 |
| 42:23 | DS_VarVa · age_up imperial |
| 44:47 | ilovebaskets · resign |
[ AI ANALYSIS · 1 CREDIT ]
What really happened in this match?
Wolo.gg analyzes every decision: build order, eco, micro, common mistakes by bracket. Personalized analysis on WhatsApp or Discord in 30 seconds.
Civ guide
Goths
Perfil
VarVarus (DS_VarVa)